Map: Frost LE

Players

loosekid - Winner!

  • Race: Zerg Zerg
  • League: Platinum

Nickos

  • Race: Terran Terran
  • League: Gold

VOD

Have the link to the VOD?

Description

Time

  • Played on: Sept. 26, 2016, 10:33 p.m.
  • Length: 11:59
Show
View Real Time Build Order
Export as new Build Order

loosekid Zerg - Winner!

Build Orders: Hatch First 

Get SALT Encoding   

  12  0:01  Drone  
  13  0:09  Drone  
  14  0:16  Overlord  
  14  0:26  Extractor  
  14  0:28  Drone, Extractor  
  14  0:35  Drone  
  16  0:50  Drone  
  16  0:56  Hatchery  
  16  1:00  Drone  
  17  1:05  Extractor  
  17  1:06  Drone  
  17  1:19  Spawning Pool  
  17  1:22  Drone  
  17  1:33  Drone  
  17  1:39  Drone  
  19  1:50  Drone  
  20  1:59  Overlord  
  20  2:07  Metabolic Boost  
  20  2:10  Queen  
  20  2:12  Queen  
  24  2:18  Zergling x4  
  26  2:30  Zergling x6  
  29  2:38  Baneling Nest  
  29  2:39  Drone  
  29  2:50  Drone x2  
  31  2:56  Drone x2  
  33  3:07  Drone x2  
  35  3:26  Hatchery  
  34  3:31  Drone x2  
  34  3:33  Overlord x2  
  36  3:36  Overlord  
  36  3:51  Queen  
  38  3:59  Lair  
  38  4:12  Drone x6  
  38  4:13  Drone x3  
  46  4:27  Evolution Chamber  
  46  4:30  Evolution Chamber  
  46  4:31  Extractor  
  43  4:34  Queen, Extractor  
  44  4:47  Baneling x4  
  44  4:48  Baneling x2  
  44  5:01  Pneumatized Carapace  
  44  5:05  Drone x14  
  59  5:50  Drone x4  
  60  6:13  Extractor  
  60  6:15  Extractor  
  58  6:21  Spire  
  58  6:25  Zerg Melee Weapons Level 1, Zerg Ground Armor Level 1  
  57  6:26  Zergling x4  
  57  6:27  Zergling x16, Hydralisk Den  
  66  6:36  Overlord x2  
  66  6:37  Overlord x3  
  66  6:39  Centrifical Hooks  
  66  6:53  Baneling  
  66  6:54  Baneling x6, Queen x3  
  66  6:57  Hydralisk  
  66  7:00  Zergling x2  
  66  7:01  Zergling x14  
  82  7:20  Hydralisk  
  82  7:21  Hydralisk x2  
  86  7:23  Zergling x14  
  86  7:24  Zergling x4  
  95  7:38  Drone x4  
  89  7:53  Zergling x2  
  89  7:54  Zergling x10  
  89  8:01  Zergling x2  
  89  8:02  Zergling x14  
  93  8:26  Extractor  
  92  8:30  Zerg Melee Weapons Level 2, Zerg Ground Armor Level 2  
  92  8:35  Zergling x2  
  92  8:36  Infestation Pit, Zergling x22  
  103  8:44  Hatchery  
  101  9:07  Hydralisk  
  101  9:08  Hydralisk  
  95  9:40  Drone  
  95  9:41  Drone x8  
  104  9:46  Muscular Augments  
  104  9:50  Baneling x5  
  104  9:51  Baneling x15  
  104  9:54  Overlord x4  
  104  9:55  Overlord x2  
  104  9:56  Overlord  
  104  9:59  Hive  
  104  10:01  Zerg Flyer Armor Level 1  
  104  10:13  Drone x3  
  104  10:14  Drone x10  
  117  10:34  Hydralisk, Extractor x2  
  117  10:35  Hydralisk x12  
  141  10:49  Zergling x2  
  142  10:50  Zergling x14  
  148  11:13  Hydralisk x9  
  132  11:48  Ultralisk Cavern  
Show
View Real Time Build Order
Export as new Build Order

Nickos Terran 

Build Orders: MMM Bio 

Get SALT Encoding   

  12  0:15  SCV  
  13  0:27  SCV  
  14  0:32  Supply Depot  
  14  0:42  SCV  
  15  0:54  SCV  
  16  0:57  Barracks  
  16  1:06  SCV  
  17  1:16  Command Center  
  17  1:19  SCV  
  18  1:39  Barracks  
  18  1:45  Marine  
  19  1:47  Supply Depot  
  19  1:51  Orbital Command  
  19  2:03  Marine  
  19  2:07  Refinery  
  20  2:15  Barracks  
  20  2:21  Marine, SCV  
  22  2:32  Orbital Command  
  22  2:35  SCV  
  23  2:38  Marine  
  24  2:47  Marine, SCV  
  26  2:55  Refinery  
  26  2:58  SCV  
  26  2:59  SCV  
  26  3:01  Marine  
  29  3:10  Bunker  
  29  3:15  SCV x2  
  31  3:27  SCV  
  31  3:28  SCV  
  31  3:33  Marine  
  34  3:34  Marine x2  
  34  3:39  SCV  
  34  3:40  SCV  
  34  3:41  Bunker  
  37  3:51  SCV  
  37  3:52  Supply Depot, SCV  
  37  3:54  Barracks Reactor  
  39  3:55  Barracks Reactor  
  39  3:57  Barracks Tech Lab  
  39  4:04  SCV x2  
  41  4:16  SCV x2  
  42  4:19  Marine  
  43  4:24  Stimpack  
  43  4:31  SCV x2, Supply Depot, Factory  
  44  4:34  Marine x2  
  44  4:35  Marine x2  
  44  4:37  Marine  
  50  4:42  Supply Depot  
  50  4:43  Supply Depot  
  50  4:46  Supply Depot  
  50  4:50  SCV x2  
  50  4:52  Marine  
  53  4:53  Marine x3  
  53  4:55  Marine  
  57  5:07  SCV x2  
  58  5:10  Marine  
  58  5:11  Marine  
  58  5:13  Marauder  
  63  5:16  Factory Reactor  
  63  5:18  Starport  
  63  5:19  SCV x2  
  65  5:26  Marine x2  
  67  5:30  Engineering Bay, Command Center  
  67  5:31  SCV x2  
  67  5:33  Engineering Bay  
  69  5:38  Marine x2  
  69  5:40  Marauder  
  73  5:43  SCV x2  
  75  5:55  SCV  
  62  6:07  Marine x3  
  62  6:08  Marine  
  66  6:13  SCV x2  
  68  6:21  Missile Turret  
  68  6:22  Marine  
  68  6:25  Medivac, Marine, SCV x2  
  72  6:30  Terran Infantry Weapons Level 1  
  74  6:34  Terran Infantry Armor Level 1  
  74  6:36  Marine  
  74  6:37  SCV  
  76  6:41  Missile Turret  
  76  6:44  Marine x4  
  80  7:02  Missile Turret  
  80  7:06  Medivac x2  
  80  7:08  Marauder  
  86  7:09  Marine x2  
  86  7:10  Marine x2  
  90  7:27  Marine  
  91  7:32  Marauder  
  91  7:33  Marine x3  
  91  7:36  Medivac  
  98  7:45  Marine  
  98  7:51  Marine x3  
  97  7:54  Marauder  
  78  8:03  Marine  
  65  8:08  Marine  
  65  8:09  Marine x2  
  63  8:13  Medivac x2  
  63  8:14  Orbital Command  
  63  8:15  Marauder  
  63  8:16  SCV x2  
  71  8:20  Marine  
  71  8:23  Armory  
  71  8:26  Combat Shields, Marine x3, Liberator  
  74  8:28  SCV  
  74  8:29  SCV  
  77  8:40  SCV  
  77  8:41  SCV  
  79  8:44  Marauder  
  79  8:48  Marine x3  
  84  8:49  Marine  
  85  9:05  Marauder  
  85  9:06  Marine x3  
  85  9:07  Marine  
  85  9:08  Medivac  
  86  9:12  Barracks  
  86  9:21  Liberator  
  86  9:24  Marine x4  
  80  9:25  Orbital Command  
  80  9:26  Medivac, Marine  
  87  9:41  Marine  
  87  9:42  Marine x3  
  94  9:46  Marauder  
  96  10:02  SCV x3  
  96  10:03  Barracks  
  96  10:04  Barracks  
  96  10:06  Barracks  
  99  10:14  SCV x2  
  101  10:27  SCV, Supply Depot, Marine x5  
  107  10:28  Supply Depot  
  107  10:37  Viking  
  109  10:49  Marauder  
  111  10:55  Marine x3  
  111  10:56  Barracks Tech Lab x3, Marine  
  115  11:00  Supply Depot x2  
  115  11:05  Medivac  
  115  11:07  SCV  
  115  11:08  SCV x2  
  120  11:13  Command Center  
  120  11:19  SCV  
  120  11:22  Supply Depot  
  82  11:38  Marauder  
Tags
 
Composition
MMM Bio
Matchup
TvZ
Replay Pack
Nickos replay
Add a new tag
Caveats
  • Supply blocks, unpowered buildings, or Contaminate may cause inaccurate times.
  • Supply counts are checked every 10 seconds.